 Dungeon Crawl Stone Soup version 0.24-a0-459-g225fefd530 (webtiles) character file.

Game seed: 8377209749499918617

49 Gildeon the Skirmisher (level 3, -3/37 HPs)
             Began as a Troll Fighter on June 29, 2019.
             Slain by Crazy Yiuf
             ... wielding a +4 quarterstaff of chaos
              (9 damage)
             ... on level 2 of the Dungeon.
             The game lasted 00:03:29 (725 turns).

Gildeon the Skirmisher (Troll Fighter)               Turns: 725, Time: 00:03:30

Health: -3/37      AC:  6    Str: 24    XL:     3   Next: 51%
Magic:  2/2        EV: 10    Int:  4    God:
Gold:   43         SH:  0    Dex: 10    Spells: 2/2 levels left

rFire    . . .     SeeInvis .     - Unarmed
rCold    . . .     Gourm    +   (no shield)
rNeg     . . .     Faith    .   a - +0 robe
rPois    .         Spirit   .   (helmet restricted)
rElec    .         Reflect  .   (no cloak)
rCorr    .         Harm     .   (gloves unavailable)
MR       .....                  (boots unavailable)
Stlth    +.........             (no amulet)
HPRegen  0.52/turn              (no ring)
MPRegen  0.08/turn              (no ring)

@: no status effects
A: large, unfitting armour, claws 3, fast metabolism 3, gourmand, regeneration
1, shaggy fur 1, tough skin 3
a: no special abilities


You were on level 2 of the Dungeon.
You were completely stuffed.

You visited 1 branch of the dungeon, and saw 2 of its levels.

You collected 43 gold pieces.

Inventory:

Hand Weapons
 j - a +0 club
Armour
 a - a +0 robe (worn)
Scrolls
 b - 2 scrolls of fear {unknown}
 e - 3 scrolls of teleportation {unknown}
 h - a scroll of blinking {unknown}
 i - a scroll of random uselessness {unknown}
 l - 2 scrolls of noise {unknown}
 m - 2 scrolls of remove curse {unknown}
Potions
 c - a potion of might
 g - a potion of magic {unknown}
 k - a potion of lignification {unknown}
 n - a potion of curing {unknown}
Comestibles
 d - 3 rations
 f - a chunk of flesh


   Skills:
 + Level 3.0 Fighting
 + Level 2.9 Dodging
   Level 2.4 Shields
 + Level 2.7 Unarmed Combat


You had 2 spell levels left.
You didn't know any spells.
Your spell library was empty.

Dungeon Overview and Level Annotations

Branches:
Dungeon (2/15)

Altars:

Annotations:
D:2 Crazy Yiuf


Innate Abilities, Weirdness & Mutations

You are too large for most types of armour.
You have claws for hands.
Your metabolism is lightning-fast.
You like to eat raw meat.
Your natural rate of healing is unusually fast.
You are covered in fur. (AC +1)
You have extremely tough skin. (AC +3)


Message History

m - 2 scrolls labeled YMPAVE CADEOJA (gained 1)
l - 2 scrolls labeled YTUEBO QITSUPH (gained 1)
Found a mace.
Found a runed translucent door.
Crazy Yiuf shouts!
You open the door.
Crazy Yiuf hits you with a +4 quarterstaff of chaos!
You are electrocuted!!
Ouch! That really hurt!
* * * LOW HITPOINT WARNING * * *
There is an open translucent door here.
You scratch Crazy Yiuf but do no damage.
Crazy Yiuf says, "Snoogle sing-song horse!"
Crazy Yiuf hits you with a +4 quarterstaff of chaos.
* * * LOW HITPOINT WARNING * * *
Crazy Yiuf burns you.
* * * LOW HITPOINT WARNING * * *
You barely miss Crazy Yiuf. Crazy Yiuf hits you but does no damage.
You scratch Crazy Yiuf but do no damage.
Crazy Yiuf hits you with a +4 quarterstaff of chaos!
You die...

# # # # #
######## # ####
###.#.P..## ##
#...##..#.PP...##
#.
#..g@.####......#
#. #)..###
##P....# #. ####
#####.# #.
##.####. #.......
######.. #.. #..
#..


You could see Crazy Yiuf.

Vanquished Creatures
  A gnoll (D:1)
  An ooze (D:1)
  A dart slug (D:1)
  A leopard gecko (D:1)
  3 giant cockroaches (D:1)
  6 goblins (D:1)
  A hobgoblin (D:1)
  5 jackals (D:1)
  A quokka (D:2)
  2 bats (D:1)
  A frilled lizard (D:1)
  2 kobolds (D:1)
  4 rats (D:1)
29 creatures vanquished.

Notes
Turn   | Place    | Note
-------+----------+-------------------------------------------
     0 | D:1      | Gildeon the Troll Fighter began the quest for the Orb.
     0 | D:1      | Reached XP level 1. HP: 22/22 MP: 0/0
    84 | D:1      | Reached XP level 2. HP: 28/29 MP: 1/1
   274 | D:1      | Reached XP level 3. HP: 17/36 MP: 2/2
   666 | D:2      | Reached skill level 3 in Fighting
   675 | D:2      | Found a faded altar of an unknown god.
   717 | D:2      | Found a runed translucent door.
   718 | D:2      | Noticed Crazy Yiuf
   725 | D:2      | Slain by Crazy Yiuf

Levels and vault maps discovered:
D:1:      tarquinn_simple_flora_water_d, layout_basic, nrook_campfire
D:2:      layout_loops_ring, hangedman_ru_absence,
          gammafunk_temple_overflow_pools,
          chequers_ecumenical_altar_simple_redux, nicolae_underground_beach,
          uniq_crazy_yiuf_cottage

Skill      XL: |  1  2  3 |
---------------+----------+-----
Fighting       | 3 |  3.0
Dodging        | |  2.9
Shields        | |  2.4
Unarmed Combat | |  2.7

Action                   || total
-------------------------++-------
Melee: Unarmed           ||    72
       Punch             ||     3
  Eat: Chunk             ||    12
Armor: Robe              ||    41
Dodge: Dodged            ||    40

Table legend:
 A = Non-vault XP
 B = Vault XP
 C = Vault XP percentage of total XP
 D = Non-vault monster count
 E = Vault monster count
 F = Vault count percentage of total count
                 A         B        C        D         E       F
            +---------+---------+-------+---------+---------+-------
      Total |      70 |       0 |   0.0 |      29 |       0 |   0.0
            +---------+---------+-------+---------+---------+-------
        D:1 |      68 |       0 |   0.0 |      28 |       0 |   0.0
        D:2 |       2 |       0 |   0.0 |       1 |       0 |   0.0
            +---------+---------+-------+---------+---------+-------
